AoeStats
← EL GATO TECHERO

Arabia

509541753Analyzed
4v4 RM · 7d ago on Sep 27, 2026· 24m 49s· 8 players
Game mode
Random Map
Map size
Large (8 player)
Population
200
Speed
Normal
Resources
Standard
Victory
Conquest
Starting age
Dark Age
Ending age
Imperial Age
RankedLock teamsTeams togetherTeam positionsShared explorationLock speedFull tech treeHidden civsTurbo modeCheats
Victory
Defeat
🇦🇷 Varangians · Argentina
1055
+8
🇲🇽 Shu · Mexico
936
+12
🇲🇽 Britons · Mexico
817
+16
🇨🇴 Persians · Colombia
758
+19
882
-15
🇵🇪 Magyars · Peru
849
-14
🇨🇱 Hindustanis · Chile
834
-13
🇩🇪 Khmer · Germany
833
-13
EL GATO TECHERO
2:48 Loom
11:16 Feudal Age
13:19 Double-Bit Axe
R-Garín DRL
6:19 Loom
11:56 Feudal Age
14:17 Wheelbarrow
13:30 Double-Bit Axe
17:57 Castle Age
Боевой комар NATO
0:30 Loom
9:33 Feudal Age
10:50 Double-Bit Axe
16:28 Horse Collar
julian_venom
0:27 Loom
10:42 Feudal Age
11:59 Wheelbarrow
11:12 Double-Bit Axe
11:33 Horse Collar
Mogador
12:11 Feudal Age
11:05 Loom
12:40 Horse Collar
15:22 Double-Bit Axe
20:05 Castle Age
18:35 Fletching
21:36 Bodkin Arrow
21:06 Crossbowman
22:11 Thumb Ring
leon_skennedy96
0:27 Loom
20:01 Feudal Age
21:51 Horse Collar
22:01 Gold Mining
21:58 Double-Bit Axe
22:01 Man-at-Arms
22:26 Arson
22:38 Stone Mining
24:08 Padded Archer Armor
24:54 Forging
24:50 Scale Mail Armor
[tgri]gio.ank
13:00 Feudal Age
18:53 Castle Age
22:53 Double-Bit Axe
22:55 Horse Collar
24:58 Wheelbarrow
EIM | Gandalf el bostero
6:34 Loom
10:33 Feudal Age
11:12 Double-Bit Axe
12:46 Horse Collar
14:41 Bloodlines
22:26 Castle Age
24:47 Heavy Plow
25:00 Bow Saw
25:06 Forging
24:57 Scale Mail Armor
24:54 Stone Mining
24:55 Gold Mining
Connection lost

Rejoining the realm…

Still unreachable

The connection could not be restored.

Session expired

The server has moved on; the page needs a fresh start.